 Dungeon Crawl Stone Soup version 0.30.1-11-g7821555f0a (webtiles) character file.

Game seed: 10613796272470657457

486249 porpoise the Slayer (level 23, -22/206 HPs)
             Began as a Minotaur Hunter on Jan 5, 2024.
             Was the Champion of Hepliaklqana.
             Annihilated by a rockslime (33 damage)
             ... created by the Royal Jelly
             ... on level 5 of the Pits of Slime on Jan 9, 2024.
             The game lasted 05:09:13 (64939 turns).

porpoise the Slayer (Minotaur Hunter)              Turns: 64939, Time: 05:09:13

Health: -22/206    AC: 28    Str: 20    XL:     23   Next: 79%
Magic:  29/45      EV: 26    Int: 12    God:    Hepliaklqana [******]
Gold:   4271       SH:  0    Dex: 28    Spells: 22/22 levels left

rFire   + . .        a - +9 longbow (drain)
rCold   + . .        (shield currently unavailable)
rNeg    + . .        u - +5 pearl dragon scales of the Old and Reckless {+Blink rN+ MP+9}
rPois   .            X - +2 hat
rElec   +            P - +2 cloak {Will+}
rCorr   .            c - +3 Mad Mage's Maulers {Infuse+∞ VampMP -Cast}
SInv    .            U - +2 pair of boots
Will    ++...        h - amulet of regeneration
Stlth   +            p - ring "Heuher" {rC+ Str+6 Dex+6}
HPRegen 1.34/turn    y - ring of Ymub {rElec rF+ Str-5 Int+6 Slay+4}
MPRegen 0.29/turn

%: no spellcasting, infuse magic (29 MP)
@: corroded, studying 3 skills
A: reduced essence, horns 2, retaliatory headbutt, screaming 1
}: 2/15 runes: barnacled, gossamer
a: Renounce Religion, Evoke Blink, Recall Ancestor, Ancestor Identity,
Transference, Idealise


You were on level 5 of the Pits of Slime.
You worshipped Hepliaklqana.
Hepliaklqana was exalted by your worship.
You visited 10 branches of the dungeon, and saw 47 of its levels.
You also visited: Ossuary, Gauntlet, Ice Cave and Volcano.

You collected 6834 gold pieces.
You spent 2563 gold pieces at shops.

Inventory:

Hand Weapons
 a - a +9 longbow of draining (weapon)
 b - a +1 vampiric quick blade
Missiles
 l - 9 silver javelins
 A - 6 silver boomerangs
Armour
 c - the +3 Mad Mage's Maulers (worn) {Infuse+∞ VampMP -Cast}
   (You acquired it on level 4 of the Dungeon)

   Infuse+∞: It empowers its wearer's blows with all of their magic.
   VampMP:    Blows struck in melee replenish the wearer's magic.
   -Cast:     It prevents spellcasting.
 u - the +5 pearl dragon scales of the Old and Reckless (worn) {+Blink rN+ MP+9}
   (You bought it in a shop on level 5 of the Dungeon)

   rN:        It protects you from negative energy.
   MP:        It affects your magic capacity (+9).
   +Blink:    It lets you blink.
 P - a +2 cloak of willpower (worn)
 U - a +2 pair of boots (worn)
 X - a +2 hat (worn)
Jewellery
 g - a ring of see invisible
 h - an amulet of regeneration (around neck)
 p - the ring "Heuher" (left hand) {rC+ Str+6 Dex+6}
   (You took it off a deep elf master archer on level 3 of the Elven Halls)

   [ring of strength]

   Str:       It affects your strength (+6).
   Dex:       It affects your dexterity (+6).
   rC:        It protects you from cold.
 y - the ring of Ymub (right hand) {rElec rF+ Str-5 Int+6 Slay+4}
   (You found it on level 5 of the Lair of Beasts)

   [ring of intelligence]

   Str:       It affects your strength (-5).
   Int:       It affects your intelligence (+6).
   Slay:      It affects your accuracy & damage with ranged weapons and melee
   (+4).
   rF:        It protects you from fire.
   rElec:     It insulates you from electricity.
 O - a ring of poison resistance
Wands
 e - a wand of mindburst (33)
 o - a wand of charming (33)
 v - a wand of polymorph (14)
 G - a wand of quicksilver (34)
 H - a wand of flame (87)
 T - a wand of roots (37)
 Z - a wand of digging (17)
Scrolls
 d - 3 scrolls of silence
 f - 6 scrolls of immolation
 j - a scroll of magic mapping
 n - 10 scrolls of teleportation
 q - 12 scrolls of vulnerability
 M - 15 scrolls of fear
 Q - 2 scrolls of fog
 S - 2 scrolls of blinking
 Y - 3 scrolls of summoning
Potions
 i - 9 potions of lignification
 k - 11 potions of mutation
 m - 4 potions of haste
 r - 10 potions of ambrosia
 s - 5 potions of resistance
 z - 5 potions of might
 C - 24 potions of curing
 E - 3 potions of heal wounds
 F - 6 potions of invisibility
 I - 5 potions of cancellation
 R - 5 potions of attraction
Miscellaneous
 x - a phantom mirror
 L - a box of beasts (inert)


   Skills:
 - Level 24.0 Fighting
 + Level 21.1 Ranged Weapons
 - Level 6.0 Throwing
 - Level 23.0 Armour
 - Level 18.0 Dodging
 - Level 0.7 Stealth
 - Level 20.1 Invocations
 - Level 13.1 Evocations


You had 22 spell levels left.
You didn't know any spells.
Your spell library contained the following spells:

 Spells                   Type           Power      Damage    Failure   Level
 Beastly Appendage        Tmut           0%         N/A       54%         1
 Foxfire                  Conj/Fire      0%         2x1d4     54%         1
 Freeze                   Ice            0%         1d3       54%         1
 Kiss of Death            Conj/Necr      0%         2d5       54%         1
 Sandblast                Erth           0%         2d4       54%         1
 Slow                     Hex            0%         N/A       54%         1
 Blink                    Tloc           0%         N/A       67%         2
 Ensorcelled Hibernation  Hex/Ice        0%         N/A       67%         2
 Lesser Beckoning         Tloc           0%         N/A       67%         2
 Momentum Strike          Conj/Tloc      0%         3d8       67%         2
 Passwall                 Tmut/Erth      0%         N/A       67%         2
 Poisonous Vapours        Pois/Air       0%         N/A       67%         2
 Confusing Touch          Hex            0%         N/A       88%         3
 Dazzling Flash           Conj/Hex       0%         N/A       88%         3
 Frozen Ramparts          Ice            0%         1d1       88%         3
 Hailstorm                Conj/Ice       0%         3d3       88%         3
 Inner Flame              Hex/Fire       0%         N/A       88%         3
 Mephitic Cloud           Conj/Pois/Air  0%         N/A       88%         3
 Ozocubu's Armour         Ice            0%         N/A       88%         3
 Portal Projectile        Hex/Tloc       0%         N/A       88%         3
 Stone Arrow              Conj/Erth      0%         3d7       88%         3
 Teleport Other           Tloc           0%         N/A       88%         3
 Tukima's Dance           Hex            0%         N/A       88%         3
 Vhi's Electric Charge    Tloc/Air       0%         N/A       88%         3
 Volatile Blastmotes      Fire/Tloc      0%         2d10      88%         3
 Anguish                  Hex/Necr       0%         N/A       99%         4
 Cause Fear               Hex            0%         N/A       99%         4
 Dispel Undead            Necr           0%         3d6       99%         4
 Flame Wave               Conj/Fire      0%         2d4       99%         4
 Fulminant Prism          Conj/Hex       0%         3d5       99%         4
 Ice Form                 Ice/Tmut       0%         N/A       99%         4
 Iskenderun's Mystic Bla  Conj/Tloc      0%         2d3       99%         4
 Manifold Assault         Tloc           0%         N/A       99%         4
 Petrify                  Tmut/Erth      0%         N/A       99%         4
 Sticky Flame             Conj/Fire      0%         2d3       99%         4
 Summon Ice Beast         Ice/Summ       0%         N/A       99%         4
 Agony                    Necr           0%         N/A       100%        5
 Alistair's Intoxication  Tmut/Pois      0%         N/A       100%        5
 Arcjolt                  Conj/Air       0%         1d10      100%        5
 Blade Hands              Tmut           0%         N/A       100%        5
 Borgnjor's Vile Clutch   Necr/Erth      0%         N/A       100%        5
 Fireball                 Conj/Fire      0%         3d3       100%        5
 Freezing Cloud           Conj/Ice/Air   0%         6-21      100%        5
 Irradiate                Conj/Tmut      0%         3d11      100%        5
 Lee's Rapid Deconstruct  Erth           0%         3d4*      100%        5
 Metabolic Englaciation   Hex/Ice        0%         N/A       100%        5
 Silence                  Hex/Air        0%         N/A       100%        5
 Summon Forest            Summ/Tloc      0%         N/A       100%        5
 Summon Mana Viper        Hex/Summ       0%         N/A       100%        5
 Yara's Violent Unravell  Hex/Tmut       0%         3d3       100%        5
 Eringya's Noxious Bog    Tmut/Pois      0%         N/A       100%        6
 Plasma Beam              Fire/Air       0%         2x1d11    100%        6
 Simulacrum               Ice/Necr       0%         N/A       100%        6
 Starburst                Conj/Fire      0%         6d3       100%        6
 Statue Form              Tmut/Erth      0%         N/A       100%        6
 Summon Cactus Giant      Summ           0%         N/A       100%        6
 Dragon Form              Tmut           0%         N/A       100%        7
 Enfeeble                 Hex            0%         N/A       100%        7
 Haunt                    Necr/Summ      0%         N/A       100%        7
 Monstrous Menagerie      Summ           0%         N/A       100%        7
 Ozocubu's Refrigeration  Ice            0%         4d7       100%        7
 Storm Form               Tmut/Air       0%         N/A       100%        7
 Summon Hydra             Summ           0%         N/A       100%        7
 Borgnjor's Revivificati  Necr           0%         N/A       100%        8
 Maxwell's Capacitive Co  Air            0%         ∞         100%        8
 Necromutation            Tmut/Necr      0%         N/A       100%        8
 Death's Door             Necr           0%         N/A       100%        9
 Dragon's Call            Summ           0%         N/A       100%        9


Dungeon Overview and Level Annotations

Branches:
Dungeon (15/15)            Temple (1/1) D:5            Lair (5/5) D:8
 Shoals (4/4) Lair:3       Spider (4/4) Lair:2        Slime (5/5) Lair:5
    Orc (2/2) D:10            Elf (3/3) Orc:2        Vaults (4/5) D:13
  Crypt (0/3) Vaults:2     Depths (4/4) D:15            Zot (0/5) Depths:4
Ossuary (visited)           IceCv (visited)         Volcano (visited)
Gauntlet (visited)

Altars:
Ashenzari
Cheibriados
Dithmenos
Elyvilon
Fedhas
Gozag
Hepliaklqana
Kikubaaqudgha
Makhleb
Nemelex Xobeh
Okawaru
Qazlal
Ru
Sif Muna
Trog
Uskayaw
Vehumet
Wu Jian
Xom
Yredelemnul
Zin
The Shining One
Lugonu

Shops:
D:5 [   D:8 *   D:14 :[   Orc:2 ?[(?   Elf:1 :=::   Elf:2 =[   Shoals:2 *
Vaults:1 (   Vaults:2 (

Portals:
Hell: Depths:1 Depths:2 Depths:3 Depths:4
Abyss: Depths:2 Depths:3 Depths:4
Pandemonium: Depths:1 Depths:2 Depths:4
Ziggurat: Depths:1

Annotations:
D:11 exclusion: upstairs
Lair:4 3 runed translucent doors, laqueoix's ghost, journeyman MiFi
Shoals:1 1 runed translucent door, Xieblus's ghost, journeyman MfMo
Elf:1 6 runed translucent doors, exclusion: 6 doors
Vaults:4 exclusion: 4 downstairs


Innate Abilities, Weirdness & Mutations

Your life essence is reduced to manifest your ancestor. (-10% HP)
You have a pair of horns on your head.
You reflexively headbutt those who attack you in melee.
You occasionally shout uncontrollably at your foes.


Message History

* * * LOW HITPOINT WARNING * * *
You stumble backwards!
Fire: a) +9 longbow (drain)
Press: ? - help, Q - select action, (/) - cycle Shift-Dir - straight line, f/p - rockslime
Aim: a rockslime (flame, severely wounded, inner flame, lightly drained, 94% to hit)
You shoot an arrow. The arrow hits the rockslime!
The rockslime is moderately wounded.
The azure jelly is engulfed in blazing flames.
Flame seeps out of the azure jelly.
The rockslime completely misses you. You furiously retaliate!
You headbutt the rockslime!
Fire: a) +9 longbow (drain)
Press: ? - help, Q - select action, (/) - cycle Shift-Dir - straight line, f/p - rockslime
Aim: a rockslime (severely wounded, inner flame, lightly drained, 94% to hit)
You shoot an arrow. The arrow hits the rockslime!!
You drain the rockslime!
You kill the rockslime!
That felt strangely unrewarding.
The acid blob spits acid at you.
The splash of acid hits you but does no damage.
The acid corrodes you! The acid blob closely misses you.
You furiously retaliate!
You headbutt the acid blob. The rockslime hits you!!
* * * LOW HITPOINT WARNING * * *
You stumble backwards!
The quicksilver ooze is engulfed in blazing flames.
You kill the quicksilver ooze!
That felt strangely unrewarding.
Fire: a) +9 longbow (drain)
Press: ? - help, Q - select action, (/) - cycle Shift-Dir - straight line, f/p - rockslime
Aim: a rockslime (severely wounded, inner flame, lightly drained, 94% to hit)
You shoot an arrow.
The arrow hits the rockslime but does no damage.
The rockslime is severely wounded.
The acid blob barely misses you. The acid blob spits acid at you.
The splash of acid hits you!
* * * LOW HITPOINT WARNING * * *
The acid blob spits acid at you. The splash of acid hits you.
* * * LOW HITPOINT WARNING * * *
The acid corrodes you! The rockslime hits you!!
You die...

###......................#.
#..........................
#..........................
####..........................
#.............................
##............................
##.............................
###...........J..................
..............JJ@................
.............J.JJJ...............
.............JJJ.................
............J.JJJ................
...............J.................
..............§..................
..............§.§....... ........
........................ .......
....................... ......


You could see 7 acid blobs, 3 azure jellies, 2 rockslimes and 3 quicksilver
oozes.

Vanquished Creatures
  Xtahua (Vaults:4)
  2 golden dragons
  Nikola (Vaults:3)
  Arachne (Spider:2)
  the Enchantress (Depths:2)
  3 hellephants (Depths:4)
  An Ice Fiend (IceCv)
  Jorgrun (D:15)
  Asterion (Elf:1)
  3 deep elf blademasters (Elf:3)
  A titan (Vaults:2)
  A lich (Depths:3)
  11 acid blobs
  A deep elf master archer (Elf:3)
  The ghost of Zaram the Brawler, an adept TrFi of Ru (Elf:3)
  A walking frostbound tome (Depths:2)
  Polyphemus (Shoals:3)
  3 sphinxes
  4 tengu reavers
  A kraken (Shoals:1)
  Roxanne (Spider:1)
  3 shadow dragons (Depths:4)
  6 azure jellies
  Donald (Vaults:1)
  2 storm dragons
  9 rockslimes
  2 fire giants
  3 frost giants
  7 emperor scorpions
  10 vault wardens
  2 deep elf sorcerers (Elf:3)
  Aizul (Spider:1)
  4 ghost moths
  2 balrugs (Depths:4)
  3 deep elf elementalists (Elf:3)
  Louise (Depths:3)
  12 ironbound preservers
  A cacodemon (Depths:1)
  16 very ugly things
  2 broodmothers
  A draconian annihilator (Depths:4)
  An orc warlord (D:13)
  10 quicksilver oozes
  A green draconian (Depths:4)
  4 spriggan defenders (Depths:2)
  6 ironbound thunderhulks
  The ghost of AngryKot the Bludgeoner, a journeyman OpDe of Trog (Lair:5)
  4 stone giants
  6 deep elf demonologists
  10 dire elephants
  6 deep elf annihilators
  A red draconian (Depths:4)
  Nessos (Lair:3)
  2 black draconians (Depths:4)
  A vampire knight (Depths:1)
  4 spark wasps
  5 deep elf death magi
  3 ettins
  4 merfolk javelineers
  2 jiangshi (Depths:1)
  3 fire dragons
  3 merfolk impalers
  2 deep elf high priests (Elf:3)
  4 ice dragons
  3 peacekeepers
  8 entropy weavers
  2 rakshasas (Depths:2)
  7 yaktaur captains
  A ghost crab (D:11)
  5 hydras
  A caustic shrike simulacrum (IceCv)
  2 great orbs of eyes
  8 vault guards
  2 spriggan air magi (Depths:2)
  5 ogre magi
  5 radroaches
  2 catoblepae
  Erica (D:11)
  A merfolk avatar (Shoals:4)
  2 jorogumos
  7 ironbound frosthearts
  27 dancing weapons
  23 two-headed ogres
  6 boulder beetles
  4 centaur warriors
  A death knight (Vaults:2)
  7 merfolk aquamancers
  5 death yaks
  An orc high priest (Elf:1)
  3 deep troll earth magi
  A titan zombie (Vaults:3)
  9 tengu warriors
  4 deep troll shamans
  Urug (Orc:1)
  A spriggan berserker (Depths:2)
  A sun demon (Depths:4)
  12 deep elf knights
  11 hell knights
  5 fire crabs (D:11)
  A soul eater (Depths:1)
  4 skysharks
  3 iron trolls
  A shadow wraith (Vaults:2)
  36 deep trolls
  A spectral anaconda (Lair:5)
  2 spectral death yaks (Lair:5)
  13 sea snakes
  2 skeletal warriors (D:14)
  8 orb spiders
  6 pharaoh ants
  2 sun moths
  A flayed ghost (Depths:2)
  12 deep elf archers
  4 lindwurms
  3 glowing orange brains
  2 obsidian statues
  7 spriggan simulacra (IceCv)
  13 harpies
  5 steelbarb worms
  28 deep elf pyromancers
  11 ironbound convokers
  8 wizards
  2 orc sorcerers
  4 orc knights
  21 deep elf zephyrmancers
  6 necromancers
  13 fauns
  3 shining eyes
  20 wolf spiders
  2 moths of wrath
  21 ugly things
  5 cyclopes
  9 manticores
  13 vault sentinels
  5 demonic crawlers
  8 elephants
  A frost giant skeleton (Vaults:4)
  6 merfolk sirens
  An apocalypse crab (D:11)
  A black mamba (Lair:1)
  A dire elephant zombie (Lair:5)
  13 water nymphs
  A gargoyle (D:10)
  An eye of devastation (Slime:5)
  An orange demon (Depths:4)
  A hellion (Depths:4)
  7 torpor snails
  A smoke demon (Depths:4)
  A molten gargoyle (Volcano)
  2 dire elephant skeletons (Lair:5)
  A rime drake (Lair:4)
  10 cane toads
  An unseen horror zombie (D:9)
  A tengu conjurer (Depths:2)
  31 yaktaurs
  A komodo dragon (Lair:4)
  A yaktaur skeleton (Vaults:4)
  An anaconda simulacrum (IceCv)
  4 freezing wraiths
  5 ice devils
  An efreet (D:13)
  2 red devils (Depths:4)
  17 merfolk
  A golden dragon simulacrum (IceCv)
  5 meliai
  9 trolls
  4 wind drakes
  4 hornets
  A hellwing (Depths:4)
  21 blink frogs
  5 dream sheep
  15 tarantellas
  4 spectral elephants (Lair:5)
  4 snapping turtles
  A human skeleton (Vaults:4)
  53 slime creatures
  12 air elementals
  12 culicivoras
  5 spriggans (Depths:2)
  An elf simulacrum (Vaults:3)
  27 jumping spiders
  28 water elementals
  3 elf skeletons (Vaults:4)
  A vampire (D:8)
  A shadow (D:11)
  37 yaks
  A ynoxinul (Depths:4)
  4 fire elementals
  A wraith (D:11)
  4 wyverns
  2 basilisks
  5 minotaur simulacra
  57 redbacks
  4 hogs (Spider:1)
  9 vampire mosquitoes
  2 steam dragons
  2 spectral cane toads (Lair:5)
  6 wargs
  A glowing shapeshifter zombie (Vaults:4)
  14 water moccasins
  An acid dragon (D:13)
  A floating eye (Depths:3)
  2 hydra simulacra (IceCv)
  16 orc warriors
  2 ice beasts
  An elephant zombie (Lair:5)
  3 ettin simulacra
  3 alligator simulacra (IceCv)
  20 ogres
  13 centaurs
  An elephant skeleton (Lair:5)
  2 phantoms
  5 kobold brigands
  13 bullfrogs
  3 elf zombies (Ossuary)
  6 deep troll simulacra
  A gnoll sergeant (D:9)
  4 earth elementals
  A scorpion (D:4)
  2 cane toad simulacra (Lair:5)
  9 wights (D:9)
  An elephant simulacrum (Lair:5)
  3 lindwurm simulacra
  12 killer bees
  11 electric eels
  2 howler monkeys
  4 lava snakes (Volcano)
  7 centaur zombies
  4 hounds
  16 jellies
  4 human zombies (Ossuary)
  18 orc priests
  2 gnoll boudas
  A sleepcap (D:5)
  An iguana (D:5)
  20 orc wizards
  A killer bee zombie (D:9)
  3 mummies (Ossuary)
  2 howler monkey zombies (D:9)
  Robin (D:4)
  16 gnolls
  8 adders
  An ufetubus (D:4)
  2 worms (D:2)
  3 dart slugs
  57 orcs
  2 ball pythons
  14 endoplasms
  4 giant cockroaches
  9 hobgoblins
  5 jackals (D:2)
  26 kobolds
  4 quokkas
  10 bats
  2 frilled lizards (D:1)
  13 goblins
  5 rats
  A rat zombie (D:8)
  3 tentacles (Shoals:1)
1589 creatures vanquished.

Vanquished Creatures (collateral kills)
  the Royal Jelly (Slime:5)
  A lich (Depths:3)
  2 deep elf blademasters
  6 acid blobs
  A sphinx (Vaults:1)
  A tengu reaver (Depths:3)
  Kirke (Spider:1)
  A storm dragon (Shoals:4)
  3 frost giants (Depths:2)
  A draconian knight (Depths:4)
  6 azure jellies
  3 emperor scorpions
  2 fire giants (Depths:1)
  3 vault wardens
  A deep elf elementalist (Elf:3)
  7 ironbound preservers
  2 spriggan defenders (Depths:2)
  A stone giant (Depths:1)
  5 very ugly things
  2 deep elf demonologists (Elf:3)
  A minotaur (Lair:5)
  A vampire knight (Depths:3)
  4 deep elf annihilators (Elf:3)
  3 dire elephants
  A spark wasp (Spider:3)
  An ettin (Depths:4)
  2 deep elf death magi (Elf:3)
  2 entropy weavers
  2 yaktaur captains
  7 merfolk impalers
  3 fire dragons
  4 vault guards
  3 great orbs of eyes
  A hydra (D:15)
  5 ironbound frosthearts
  An ice dragon (Depths:4)
  An ogre mage (D:14)
  A spriggan air mage (Depths:2)
  2 ghost crabs (D:11)
  A death knight (Vaults:2)
  A centaur warrior (Vaults:4)
  A merfolk aquamancer (Shoals:4)
  A merfolk avatar (Shoals:1)
  4 dancing weapons
  A catoblepas (D:15)
  2 death yaks (Lair:5)
  2 boulder beetles
  2 deep troll shamans (Depths:2)
  A tengu warrior (D:15)
  2 vampire magi
  2 two-headed ogres
  3 deep troll earth magi
  10 deep elf knights
  The ghost of N20BOY the Cleaver, a novice MiBe of Trog (D:6)
  3 hell knights
  3 pharaoh ants
  3 skysharks
  2 iron trolls (Depths:2)
  A sea snake (Shoals:3)
  A skeletal warrior (D:14)
  A sun moth (Spider:3)
  19 deep trolls
  2 orb spiders
  6 spriggan simulacra (IceCv)
  A tengu zombie (Vaults:4)
  3 deep elf archers
  2 necromancers
  2 wizards
  4 deep elf pyromancers
  An orc knight (Vaults:1)
  13 wolf spiders
  4 ironbound convokers
  4 deep elf zephyrmancers
  2 steelbarb worms (Spider:3)
  8 ugly things
  A moth of wrath (Spider:3)
  2 shining eyes (Slime:5)
  2 manticores
  2 elephants (Lair:5)
  A water nymph (Shoals:1)
  3 vault sentinels
  A black mamba (Lair:5)
  3 demonic crawlers
  A gargoyle (D:12)
  A torpor snail (Spider:3)
  A molten gargoyle (Volcano)
  An efreet (D:14)
  A rime drake (Lair:5)
  12 yaktaurs
  A komodo dragon (Lair:5)
  An unseen horror (D:11)
  An unseen horror (shapeshifter) (D:13)
  An anaconda simulacrum (Elf:2)
  A red devil (Depths:1)
  3 ice devils
  6 merfolk
  A queen bee (D:6)
  A meliai (Spider:2)
  3 wind drakes
  6 tarantellas
  5 dream sheep
  2 blink frogs
  2 culicivoras
  A snapping turtle (Shoals:2)
  17 slime creatures
  7 jumping spiders
  A wyvern (D:8)
  14 water elementals
  4 yaks
  A hog (Spider:1)
  A yaktaur simulacrum (Vaults:3)
  2 fire elementals
  A minotaur simulacrum (Elf:2)
  2 vampire mosquitoes
  8 redbacks
  A harpy simulacrum (Elf:2)
  An acid dragon (D:13)
  A floating eye (Depths:4)
  4 orc warriors
  An ettin simulacrum (IceCv)
  2 ogres (Orc:2)
  A centaur (D:14)
  2 deep troll simulacra (IceCv)
  A cane toad simulacrum (Lair:5)
  A wight (D:9)
  3 killer bees
  2 lindwurm simulacra (IceCv)
  2 howler monkeys
  4 human zombies
  3 orc wizards
  A killer bee zombie (D:9)
  2 howler monkey zombies (D:9)
  2 gnolls (D:9)
  10 orcs
  A goblin zombie (D:8)
  5 kobolds
389 creatures vanquished.

Vanquished Creatures (others)
  A deep elf master archer (Elf:3)
  A fire giant (Depths:2)
  A vault warden (Vaults:4)
  A stone giant (Depths:2)
  A yaktaur captain (Vaults:3)
  A centaur warrior (Vaults:4)
  A deep elf knight (Elf:2)
  A deep elf archer (Elf:2)
  5 yaktaurs
  An air elemental (Elf:1)
  A neqoxec (Depths:4)
  A harpy simulacrum (Elf:2)
  45 knights
  9 tentacles (Shoals:1)
70 creatures vanquished.

Grand Total: 2048 creatures vanquished

Notes
Turn   | Place    | Note
-------+----------+-------------------------------------------
     0 | D:1      | porpoise the Minotaur Hunter began the quest for the Orb.
     0 | D:1      | Reached XP level 1. HP: 18/18 MP: 0/0
   287 | D:1      | Reached XP level 2. HP: 25/25 MP: 1/1
   389 | D:1      | Found a faded altar of an unknown god.
   712 | D:1      | Reached skill level 5 in Ranged Weapons
   854 | D:1      | Reached skill level 3 in Fighting
   942 | D:2      | Identified 3 scrolls of acquirement
   942 | D:2      | Acquired a +6 ring of dexterity
  1220 | D:2      | Reached XP level 3. HP: 31/31 MP: 2/2
  1600 | D:2      | Reached XP level 4. HP: 38/38 MP: 3/3
  2503 | D:3      | Reached skill level 4 in Fighting
  2679 | D:3      | Found a shimmering blue altar of Sif Muna.
  2774 | D:4      | Acquired a manual of Staves
  2776 | D:4      | Acquired a +1 longbow of draining
  2778 | D:4      | Acquired the +3 Mad Mage's Maulers {Infuse+∞ VampMP -Cast}
  2778 | D:4      | Found the +3 Mad Mage's Maulers {Infuse+∞ VampMP -Cast}
  2815 | D:4      | Noticed a scorpion
  2816 | D:4      | Killed a scorpion
  2817 | D:4      | Reached XP level 5. HP: 47/47 MP: 4/4
  2881 | D:4      | Noticed Robin
  2885 | D:4      | Killed Robin
  3022 | D:4      | Reached XP level 6. HP: 55/55 MP: 5/5
  3211 | D:5      | Entered Level 5 of the Dungeon
  3211 | D:5      | Found a staircase to the Ecumenical Temple.
  3234 | Temple   | Entered the Ecumenical Temple
  3467 | D:5      | Reached skill level 5 in Fighting
  3467 | D:5      | Reached skill level 1 in Armour
  3479 | D:5      | Found a hazy altar of Hepliaklqana.
  3483 | D:5      | Became a worshipper of Hepliaklqana the Forgotten
  3489 | D:5      | Found a burning altar of Makhleb.
  3497 | D:5      | Found an opulent altar of Gozag.
  3500 | D:5      | Found a snail-covered altar of Cheibriados.
  3590 | D:5      | Noticed an orc warrior
  3592 | D:5      | Killed an orc warrior
  3595 | D:5      | Reached XP level 7. HP: 61/61 MP: 6/6
  3812 | D:5      | Got the Lectures on Entranced Exhumation
  3952 | D:5      | Found Vishabakagh's Dragon-Slaying Spoils.
  4325 | D:6      | Reached skill level 6 in Fighting
  4386 | D:6      | Reached XP level 8. HP: 70/70 MP: 7/7
  4589 | D:6      | Reached * piety under Hepliaklqana
  4633 | D:6      | Noticed a queen bee
  4635 | D:6      | Noticed N20BOY's ghost (novice MiBe)
  4648 | D:6      | Found a transporter.
  5137 | D:6      | Found a transporter.
  5386 | D:7      | Reached skill level 7 in Fighting
  5405 | D:7      | Reached skill level 5 in Armour
  5562 | D:7      | Reached skill level 10 in Ranged Weapons
  5606 | D:7      | Reached skill level 1 in Invocations
  5611 | D:7      | Reached ** piety under Hepliaklqana
  5612 | D:7      | Remembered your ancestor Nikki as a knight
  6042 | D:8      | Found a sand-covered staircase.
  6053 | Ossuary  | Entered an ossuary
  6160 | Ossuary  | Reached XP level 9. HP: 72/72 MP: 9/9
  6205 | Ossuary  | Reached skill level 8 in Fighting
  6267 | D:8      | Found a staircase to the Lair.
  6278 | D:8      | Found Zestof's Assorted Antiques.
  6481 | D:8      | HP: 2/73 [vampire/vampiric draining (7)]
  6885 | D:8      | Reached skill level 9 in Fighting
  7012 | D:9      | Reached XP level 10. HP: 55/81 MP: 12/12
  7191 | D:9      | Reached skill level 5 in Invocations
  7255 | D:9      | Reached *** piety under Hepliaklqana
  7829 | D:10     | Entered Level 10 of the Dungeon
  7834 | D:10     | Reached skill level 10 in Fighting
  8439 | D:11     | Noticed a manticore
  8448 | D:11     | Killed a manticore
  8708 | D:11     | Reached XP level 11. HP: 90/90 MP: 14/14
  8874 | D:11     | Found a runed translucent door.
  8885 | D:11     | Noticed a fire crab
  8937 | D:11     | Noticed a two-headed ogre
  8944 | D:11     | Killed a two-headed ogre
  8945 | D:11     | Reached skill level 11 in Fighting
  9726 | D:11     | Found a hide-covered altar of Uskayaw.
  9726 | D:11     | Noticed Erica
  9740 | D:11     | Killed Erica
 10357 | D:10     | Noticed a two-headed ogre
 10362 | D:10     | Killed a two-headed ogre
 10483 | D:10     | Reached **** piety under Hepliaklqana
 10568 | D:10     | Reached skill level 15 in Ranged Weapons
 10645 | D:10     | Found a staircase to the Orcish Mines.
 10749 | D:10     | Noticed a two-headed ogre
 10756 | D:10     | Killed a two-headed ogre
 11025 | Lair:1   | Entered Level 1 of the Lair of Beasts
 11034 | Lair:1   | Reached skill level 12 in Fighting
 11082 | Lair:1   | Found a dark tunnel.
 11092 | Volcano  | Entered a volcano
 11892 | Volcano  | Found a bloodstained altar of Trog.
 11892 | Volcano  | Noticed a two-headed ogre
 11892 | Volcano  | Noticed an ogre mage
 11892 | Volcano  | Noticed a two-headed ogre
 11892 | Volcano  | Noticed a two-headed ogre
 11898 | Volcano  | Killed a two-headed ogre
 11906 | Volcano  | Killed a two-headed ogre
 11909 | Volcano  | Killed a two-headed ogre
 11912 | Volcano  | Killed an ogre mage
 11913 | Volcano  | Reached XP level 12. HP: 100/100 MP: 15/17
 12131 | Volcano  | Noticed a two-headed ogre
 12138 | Volcano  | Killed a two-headed ogre
 13549 | Lair:2   | Reached ***** piety under Hepliaklqana
 13690 | Lair:2   | Found a hole to the Spider Nest.
 14181 | Lair:3   | Noticed an eight-headed hydra
 14194 | Lair:3   | Killed an eight-headed hydra
 14504 | Lair:3   | Noticed Nessos
 14515 | Lair:3   | Found a staircase to the Shoals.
 14520 | Lair:3   | Killed Nessos
 14521 | Lair:3   | Reached skill level 5 in Dodging
 14521 | Lair:3   | Reached XP level 13. HP: 48/106 MP: 18/18
 14635 | Lair:3   | Reached skill level 1 in Evocations
 15154 | Lair:4   | Found a transporter.
 15154 | Lair:4   | Found a transporter.
 15540 | Lair:4   | Reached skill level 13 in Fighting
 15722 | Lair:4   | Found a runed translucent gate.
 15722 | Lair:4   | Found a runed translucent gate.
 15722 | Lair:4   | Found a runed translucent gate.
 15725 | Lair:4   | Noticed laqueoix's ghost (journeyman MiFi)
 15778 | Lair:4   | HP: 5/109 [eight-headed hydra (7)]
 15947 | Lair:4   | Reached skill level 10 in Invocations
 16271 | Lair:5   | Entered Level 5 of the Lair of Beasts
 16290 | Lair:5   | Reached skill level 14 in Fighting
 16480 | Lair:5   | Noticed AngryKot's ghost (journeyman OpDe)
 16480 | Lair:5   | Noticed a minotaur
 16488 | Lair:5   | Reached ****** piety under Hepliaklqana
 16684 | Lair:5   | Found a staircase to the Slime Pits.
 16981 | Lair:5   | Found a runed translucent gate.
 16981 | Lair:5   | Found a runed translucent gate.
 16981 | Lair:5   | Found a runed translucent gate.
 17118 | Lair:5   | Noticed a dire elephant
 17118 | Lair:5   | Noticed a dire elephant
 17118 | Lair:5   | Noticed a dire elephant
 17118 | Lair:5   | Noticed a dire elephant
 17124 | Lair:5   | Noticed a dire elephant
 17131 | Lair:5   | Killed a dire elephant
 17137 | Lair:5   | Killed a dire elephant
 17242 | Lair:5   | Reached XP level 14. HP: 72/118 MP: 20/20
 17405 | Lair:5   | Reached skill level 5 in Evocations
 17750 | Lair:5   | Identified the ring of Ymub {rElec rF+ Str-5 Int+6 Slay+4}
 17970 | Lair:5   | HP: 5/118 [dire elephant (8)]
 18555 | Orc:1    | Entered Level 1 of the Orcish Mines
 18664 | Orc:1    | Noticed Urug
 18671 | Orc:1    | Killed Urug
 19015 | Orc:2    | Entered Level 2 of the Orcish Mines
 19447 | Orc:2    | Reached skill level 10 in Armour
 19456 | Orc:2    | Paralysed by something for 2 turns
 19781 | Orc:2    | Found a staircase to the Elven Halls.
 19804 | Orc:2    | Noticed a stone giant
 19827 | Orc:2    | Killed a stone giant
 19843 | Orc:2    | Found Nycimen's Antique Armour Boutique.
 19843 | Orc:2    | Found Utzo's Magic Scroll Shop.
 19843 | Orc:2    | Found Aniavvon's Weapon Shoppe.
 20194 | Orc:2    | Found Ewkiruet's Magic Scroll Boutique.
 20534 | D:5      | Bought the +5 pearl dragon scales of the Old and Reckless
                  | {+Blink rN+ MP+9} for 2049 gold pieces
 20915 | D:11     | Reached XP level 15. HP: 125/125 MP: 23/23
 21286 | D:11     | Got the Enchiridion on the Jinx
 22227 | D:13     | Reached skill level 15 in Fighting
 22372 | D:13     | Found a gate to the Vaults.
 22788 | D:14     | Found Vuiv's Book Emporium.
 22864 | D:14     | Found Diqin's Armour Boutique.
 22915 | D:14     | Found a gate leading to a gauntlet.
 22932 | Gauntlet | Entered a Gauntlet
 22932 | Gauntlet | Found a transporter.
 22958 | Gauntlet | Found a transporter.
 22960 | Gauntlet | Found a transporter.
 22962 | Gauntlet | Found a transporter.
 22979 | Gauntlet | Found a transporter.
 22994 | Gauntlet | Found a transporter.
 22996 | Gauntlet | Found a large runed translucent door.
 22996 | Gauntlet | Found a large runed translucent door.
 22997 | Gauntlet | Found a large runed translucent door.
 22997 | Gauntlet | Found a large runed translucent door.
 22998 | Gauntlet | Found a large runed translucent door.
 22998 | Gauntlet | Found a large runed translucent door.
 22998 | Gauntlet | Found a runed translucent door.
 22998 | Gauntlet | Found a runed translucent door.
 22998 | Gauntlet | Found a large runed translucent door.
 22998 | Gauntlet | Found a large runed translucent door.
 22999 | Gauntlet | Found a large runed translucent door.
 22999 | Gauntlet | Found a large runed translucent door.
 23001 | Gauntlet | Found a transporter.
 23025 | Gauntlet | Found a transporter.
 23035 | Gauntlet | Found a large runed translucent door.
 23036 | Gauntlet | Found a large runed translucent door.
 23037 | Gauntlet | Found a large runed translucent door.
 23038 | Gauntlet | Found a runed translucent gate.
 23039 | Gauntlet | Found a transporter.
 23039 | Gauntlet | Found a runed translucent gate.
 23040 | Gauntlet | Found a runed translucent gate.
 23041 | Gauntlet | Found a large runed translucent door.
 23042 | Gauntlet | Found a large runed translucent door.
 23043 | Gauntlet | Found a large runed translucent door.
 23051 | Gauntlet | Found a transporter.
 23063 | Gauntlet | Found a transporter.
 23075 | Gauntlet | Found a transporter.
 23087 | Gauntlet | Found a transporter.
 23105 | Gauntlet | Found a transporter.
 23126 | Gauntlet | Found a transporter.
 23128 | Gauntlet | Found a transporter.
 23173 | Gauntlet | Found a transporter.
 23175 | Gauntlet | Found a transporter.
 23865 | D:15     | Entered Level 15 of the Dungeon
 24097 | D:15     | Noticed Jorgrun
 24103 | D:15     | Killed Jorgrun
 24104 | D:15     | Reached skill level 10 in Dodging
 24603 | D:15     | Reached skill level 16 in Fighting
 24918 | D:15     | Found a staircase to the Depths.
 24918 | D:15     | Noticed a frost giant
 24924 | D:15     | Killed a frost giant
 25692 | Shoals:1 | Entered Level 1 of the Shoals
 25943 | Shoals:1 | Reached XP level 16. HP: 135/135 MP: 24/24
 26189 | Shoals:1 | Found a runed translucent door.
 26305 | Shoals:1 | Noticed a kraken
 26337 | Shoals:1 | Killed a kraken
 26422 | Shoals:1 | Noticed Xieblus's ghost (journeyman MfMo)
 26437 | Shoals:2 | Reached skill level 15 in Armour
 27218 | Shoals:2 | Found Ohudeitia's Gadget Gallery.
 27339 | Shoals:3 | Noticed Polyphemus
 27358 | Shoals:3 | Killed Polyphemus
 27962 | Shoals:4 | Entered Level 4 of the Shoals
 28051 | Shoals:4 | Found a stormy altar of Qazlal.
 28301 | Shoals:3 | Paralysed by an air elemental for 1 turns
 28923 | Shoals:4 | Reached XP level 17. HP: 144/144 MP: 26/26
 28984 | Shoals:4 | Reached skill level 17 in Fighting
 28984 | Shoals:4 | Paralysed by an air elemental for 1 turns
 29632 | Shoals:4 | Reached skill level 18 in Fighting
 29674 | Shoals:4 | Got Sif Muna's Volume of Coarse Firn
 29933 | Shoals:4 | Got a barnacled rune of Zot
 30324 | Spider:1 | Entered Level 1 of the Spider Nest
 30742 | Spider:1 | Noticed Aizul
 30754 | Spider:1 | Killed Aizul
 31092 | Spider:1 | Identified Roxanne's Secrets of Rubbish
 31092 | Spider:1 | Noticed Roxanne
 31120 | Spider:1 | Killed Roxanne
 31219 | Spider:1 | Noticed Kirke
 31224 | Spider:1 | Killed Kirke
 31976 | Spider:2 | Noticed Arachne
 31996 | Spider:2 | Killed Arachne
 33913 | Spider:3 | Reached XP level 18. HP: 140/155 MP: 27/27
 35267 | Spider:3 | Reached skill level 19 in Fighting
 35704 | Spider:4 | Entered Level 4 of the Spider Nest
 36124 | Spider:4 | Reached skill level 15 in Invocations
 37976 | Spider:4 | Got a gossamer rune of Zot
 38504 | Orc:2    | Bought a scroll of teleportation for 30 gold pieces
 38515 | Orc:2    | Bought a scroll of enchant weapon for 105 gold pieces
 38515 | Orc:2    | Bought a scroll of teleportation for 42 gold pieces
 38515 | Orc:2    | Bought a scroll of magic mapping for 105 gold pieces
 38515 | Orc:2    | Bought a scroll of teleportation for 42 gold pieces
 38515 | Orc:2    | Bought a scroll of enchant armour for 105 gold pieces
 38527 | Orc:2    | Bought a scroll of enchant weapon for 75 gold pieces
 38539 | Orc:2    | Bought a scroll of noise for 10 gold pieces
 38980 | Vaults:1 | Entered Level 1 of the Vaults
 39292 | Vaults:1 | Reached skill level 20 in Fighting
 39420 | Vaults:1 | Identified the +9 hand axe "Fuhod" {flame, rElec rF+}
 39448 | Vaults:1 | Reached XP level 19. HP: 122/166 MP: 30/30
 39540 | Vaults:1 | Found Reuhofoy's Weapon Shop.
 39754 | Vaults:1 | Noticed Donald
 40199 | Vaults:1 | Killed Donald
 40200 | Vaults:1 | Reached skill level 10 in Evocations
 40550 | Vaults:1 | Reached skill level 15 in Dodging
 42499 | Vaults:2 | Found a staircase to the Crypt.
 42651 | Vaults:2 | Found Joesaosao's Weapon Boutique.
 43458 | Vaults:3 | Reached XP level 20. HP: 175/175 MP: 31/31
 44087 | Vaults:3 | Noticed Nikola
 44101 | Vaults:3 | Killed Nikola
 44512 | Vaults:3 | Reached skill level 21 in Fighting
 45324 | Vaults:4 | Noticed Xtahua
 45336 | Vaults:4 | Killed Xtahua
 47175 | Elf:1    | Entered Level 1 of the Elven Halls
 47460 | Elf:1    | Paralysed by an air elemental for 1 turns
 47587 | Elf:1    | Noticed Asterion
 47604 | Elf:1    | Killed Asterion
 47844 | Elf:1    | Found Adghatz's Book Shoppe.
 47844 | Elf:1    | Found Zaagarch's Jewellery Boutique.
 47846 | Elf:1    | Found Vuth's Book Shoppe.
 48095 | Elf:1    | Reached XP level 21. HP: 178/183 MP: 32/32
 48618 | Elf:1    | Found a runed translucent gate.
 48618 | Elf:1    | Found a runed translucent gate.
 48618 | Elf:1    | Found a runed translucent gate.
 48618 | Elf:1    | Found a runed translucent gate.
 48618 | Elf:1    | Found a runed translucent gate.
 48626 | Elf:1    | Found a runed translucent gate.
 48703 | Elf:1    | Found Lutseim's One-of-a-Kind Books.
 49067 | Elf:2    | Found Goaviska's Armour Boutique.
 49067 | Elf:2    | Found Utrifiamn's Jewellery Shop.
 49216 | Elf:2    | Found a frozen archway.
 49244 | IceCv    | Entered an ice cave
 50867 | IceCv    | Found the +3 robe of Clouds {*Thunder rCloud rElec}
 51786 | Elf:2    | Found a huge runed translucent gate.
 51786 | Elf:2    | Found a huge runed translucent gate.
 51786 | Elf:2    | Found a huge runed translucent gate.
 51786 | Elf:2    | Found a huge runed translucent gate.
 51786 | Elf:2    | Found a huge runed translucent gate.
 52310 | Elf:2    | Reached skill level 22 in Fighting
 52839 | Elf:3    | Entered Level 3 of the Elven Halls
 53093 | Elf:3    | Identified the +11 long sword of Noamaif {elec, rPois Str-4
                  | Dex+2}
 53387 | Elf:3    | Identified the ring "Heuher" {rC+ Str+6 Dex+6}
 53745 | Elf:3    | Identified the +3 lajatang "Tormentor" {heavy, Contam rCorr
                  | Dex+2}
 53769 | Elf:3    | Identified the ring "Unkeibih" {AC+4 Dex+3 Slay+3}
 53787 | Elf:3    | Reached skill level 23 in Fighting
 53811 | Elf:3    | Paralysed by an air elemental for 1 turns
 54039 | Elf:3    | Identified the +9 great sword "Difaych" {flame, rPois}
 54046 | Elf:3    | Identified the +2 robe of Levity {Dex+4}
 54063 | Elf:3    | Identified the +10 halberd of the Blind Eye {speed, rF+}
 54329 | Elf:3    | Identified the staff of fire "Nomoghul" {rElec rF+ Int+3
                  | Stlth-}
 54423 | Elf:3    | Got Sif Muna's Vellum of the Faeries
 54446 | Elf:3    | Identified the +8 quarterstaff of the Valley of Death
                  | {venom, *Slow rElec SInv}
 54474 | Elf:3    | Identified the +10 shortbow "Fiehoe" {drain, rPois rF+
                  | Will+ Stlth+}
 54522 | Elf:3    | Found a runed translucent gate.
 54523 | Elf:3    | Found a runed translucent gate.
 54523 | Elf:3    | Found a runed translucent gate.
 54523 | Elf:3    | Noticed Zaram's ghost (adept TrFi)
 54538 | Elf:3    | Reached XP level 22. HP: 198/198 MP: 34/34
 54583 | Elf:3    | Identified the +9 quarterstaff of Qonaug {antimagic, rElec
                  | Str+5 Int+3}
 55135 | Elf:3    | Killed Zaram's ghost
 55138 | Elf:3    | Identified the staff of death "Zinly" {rC+ rN+ Int+3 Dex+3
                  | Stlth-}
 55776 | Depths:1 | Entered Level 1 of the Depths
 55993 | Depths:1 | Found a gateway to Hell.
 56004 | Depths:1 | Found a one-way gateway to a ziggurat.
 56541 | Depths:1 | Found a one-way gate leading to the halls of Pandemonium.
 56841 | Depths:2 | Found a corrupted altar of Lugonu.
 56841 | Depths:2 | Found a one-way gate to the infinite horrors of the Abyss.
 57216 | Depths:2 | Reached skill level 24 in Fighting
 57505 | Depths:2 | Identified the staff of air "Uqaedea" {rElec Str+3}
 57510 | Depths:2 | Got the Tome of the Geologist and Points
 57586 | Depths:2 | Noticed the Enchantress
 57618 | Depths:2 | Killed the Enchantress
 57866 | Depths:2 | Found a white marble altar of Elyvilon.
 58434 | Depths:2 | Found a radiant altar of Vehumet.
 59521 | Depths:3 | Found an ancient bone altar of Kikubaaqudgha.
 59823 | Depths:3 | Noticed Louise
 59829 | Depths:3 | Killed Louise
 59994 | Depths:3 | Identified the +0 shortbow of Foul Odours {drain, Str+2}
 60285 | Depths:4 | Entered Level 4 of the Depths
 60285 | Depths:4 | Noticed a golden dragon
 60294 | Depths:3 | Killed a golden dragon
 60309 | Depths:4 | Found a huge runed gate.
 60309 | Depths:4 | Found a huge runed gate.
 60309 | Depths:4 | Found a huge runed gate.
 60309 | Depths:4 | Found a huge runed gate.
 60309 | Depths:4 | Found a huge runed gate.
 60309 | Depths:4 | Found a huge runed gate.
 60310 | Depths:4 | Found a huge runed gate.
 60311 | Depths:4 | Found a huge runed gate.
 60312 | Depths:4 | Found a huge runed gate.
 60313 | Depths:4 | Found a huge runed gate.
 60325 | Depths:4 | Paralysed by a floating eye for 4 turns
 60329 | Depths:4 | Found a huge runed gate.
 60334 | Depths:4 | Reached XP level 23. HP: 85/206 MP: 35/35
 60694 | Depths:4 | Found a gate to the Realm of Zot.
 60750 | Depths:4 | Found a huge runed gate.
 60750 | Depths:4 | Found a huge runed gate.
 60750 | Depths:4 | Found a huge runed gate.
 60750 | Depths:4 | Found a huge runed gate.
 60758 | Depths:4 | Found a huge runed gate.
 60758 | Depths:4 | Found a huge runed gate.
 60758 | Depths:4 | Found a huge runed gate.
 60758 | Depths:4 | Found a huge runed gate.
 60758 | Depths:4 | Found a huge runed gate.
 60758 | Depths:4 | Found a huge runed gate.
 60759 | Depths:4 | Found a huge runed gate.
 60760 | Depths:4 | Found a huge runed gate.
 60761 | Depths:4 | Found a huge runed gate.
 60769 | Depths:4 | Found a huge runed gate.
 60769 | Depths:4 | Found a huge runed gate.
 60769 | Depths:4 | Found a huge runed gate.
 60769 | Depths:4 | Found a huge runed gate.
 60769 | Depths:4 | Found a huge runed gate.
 60769 | Depths:4 | Found a huge runed gate.
 60770 | Depths:4 | Found a huge runed gate.
 60771 | Depths:4 | Found a huge runed gate.
 60772 | Depths:4 | Found a huge runed gate.
 60780 | Depths:4 | Found a huge runed gate.
 60780 | Depths:4 | Found a huge runed gate.
 60780 | Depths:4 | Found a huge runed gate.
 61320 | Depths:4 | Identified the +0 plate armour of Tuineefi {rElec Str+5
                  | Dex-2 Stlth+}
 61750 | Depths:4 | Identified the staff of poison "Cojeom" {rPois rC+}
 61758 | Depths:4 | Identified the ring "Lasousmimomu" {Will+ rCorr Dex+3}
 62394 | Lair:5   | Killed AngryKot's ghost
 62688 | D:6      | Killed N20BOY's ghost
 63017 | Slime:1  | Entered Level 1 of the Pits of Slime
 63110 | Slime:2  | Reached skill level 1 in Throwing
 63407 | Slime:4  | Gained mutation: You occasionally shout uncontrollably at
                  | your foes. [a shining eye]
 63485 | Slime:5  | Entered Level 5 of the Pits of Slime
 63538 | Slime:5  | Reached skill level 5 in Throwing
 63652 | Slime:5  | Noticed the Royal Jelly
 64927 | Slime:5  | Killed the Royal Jelly
 64939 | Slime:5  | Annihilated by a rockslime

Illustrated notes

Levels and vault maps discovered:
D:1:      shiori_angband_town, layout_loops_ring,
          ebering_ecumenical_altar_abandoned
D:2:      minmay_chambers_of_ones, layout_basic
D:3:      layout_loops_ring, lemuel_coloured_pillars_altar
D:4:      layout_rooms, columned_hall_lemuel, uniq_robin
D:5:      layout_loops_ring, grunt_temple_overflow_cloverleaf,
          minmay_temple_entry_arrows, nicolae_shop_dragon_depot
D:6:      layout_layer_cave, gammafunk_ghost_hive, minmay_door_square
D:7:      layout_loops_ring, chequers_hall_statues_corner_a
D:8:      layout_basic, lair_entry_dummy, enter_ossuary_4, serial_shops, shop,
          minmay_statues_item
D:9:      layout_gridville, serial_undead, serial_undead_b, serial_undead_a,
          serial_undead_a, serial_undead_a, serial_undead_e, serial_undead_b,
          serial_undead_d, serial_undead_c, serial_undead_e, serial_undead_a
D:10:     erik_rubicon_a, layout_rooms, david_orc_4
D:11:     gammafunk_mikee_crab_dinner, layout_basic,
          nicolae_uskayaw_dance_studio, uniq_erica
D:12:     layout_irregular_city
D:13:     layout_gridville, david_vaults_5
D:14:     layout_rooms, gauntlet_entry_generic, serial_bayou_shore_a,
          serial_shops, nicolae_book_shop_shelving, shop
D:15:     grunt_enter_depths_snipers, layout_layer_cave, uniq_jorgrun
Temple:   nicolae_temple_bog_church
Lair:1:   layout_cave_pods, nicolae_volcano_entry_lava_flow
Lair:2:   layout_gridlike, spider_nest_entry_rubble
Lair:3:   layout_gridlike, minmay_shoals_entry_centaurs, serial_rivers,
          chequers_serial_rivers_micro_e, chequers_serial_rivers_micro_c,
          chequers_serial_rivers_micro_a, chequers_serial_rivers_large_a,
          chequers_serial_rivers_micro_d, lemuel_fruit_tree,
          infiniplex_staircase_pool, grunt_megastairs_5, uniq_nessos
Lair:4:   gammafunk_boulding_lane, layout_cave_pods, gammafunk_ghost_hydra_chop,
          hangedman_lair_generics_rect, serial_bayou_shore_b,
          infiniplex_staircase_pool_2
Lair:5:   due_jungle_book, layout_small_grid, minmay_slime_entry_jelly_boxes,
          maelrawn_ghost_gauntlet_escape, nicolae_lair_yak_garden
Shoals:1: layout_shoals, ebering_ghost_reflecting_pool
Shoals:2: layout_shoals, nicolae_shop_gadgets
Shoals:3: layout_shoals, uniq_polyphemus
Shoals:4: shoals_end_hellmonk_storm_palace [storm_palace_center_square,
          storm_palace_corner_blocked, storm_palace_corner_grid,
          storm_palace_corner_pillars, storm_palace_corner_altar]
Spider:1: layout_cave_pods, nicolae_spider_jagged_tunnels, uniq_aizul,
          uniq_roxanne, uniq_kirke
Spider:2: layout_spider_delve, drop_trap, hangedman_spider_tarantella_strand,
          uniq_arachne
Spider:3: nicolae_spider_corner
Spider:4: grunt_spider_rune_circles, spiders_nest_spider_trap
Slime:1:  layout_caves
Slime:2:  layout_caves
Slime:3:  layout_caves
Slime:4:  layout_caves
Slime:5
Orc:1:    layout_diamond_mine, uniq_urug
Orc:2:    st_orc_open, layout_diamond_mine
Elf:1:    minmay_elf_arrival_summoners, layout_loops_ring,
          portal_desolation_entry_twin_temple, orc_legates, nicolae_rare_books,
          minmay_shop_grove, uniq_asterion, uniq_louise
Elf:2:    elven_hall_of_blades_hangedman_alternative [nicolae_blade_bullseye],
          layout_gridlike, portal_ice_cave_entry_ice_simulacra, minmay_shoptagon
Elf:3:    grunt_elf_hall_branching, layout_gridlike, ebering_ghost_rock_garden,
          guppyfry_elf_castle
Vaults:1: nicolae_vaults_shipping_containers_4, grunt_vaults_focal,
          nicolae_vaults_shrinking_rooms_2, v_alt_pattern_2,
          nicolae_vaults_network_s, v_alt_pattern_5, nicolae_vaults_six-pack,
          v_misc_12, layout_vaults_ring, serial_shops, shop, uniq_donald
Vaults:2: blue_anna_dwarven_crypt, v_misc_15, nicolae_vaults_specimen_jars,
          v_misc_32, nicolae_vaults_storage_closets_3,
          nicolae_vaults_branching_niches, hangedman_vaults_trim,
          vaults_mumra_lcd, v_misc_30, nicolae_vaults_little_squares_6,
          nicolae_vaults_tetromino_L_1, vaults_room_pools, ontoclasm_vaults_eye,
          vaults_room_pool, nicolae_vaults_three_branches, vaults_dpeg_ring,
          layout_vaults_omnicross, serial_shops, nicolae_shop_trees
Vaults:3: nicolae_vaults_corridor_and_loot_room, hangedman_vaults_corner,
          vaults_dpeg_emergency_exit, v_pattern_5, nicolae_vaults_wine_cellar,
          grunt_vaults_swirl, vaults_dpeg_diagonal, hangedman_vaults_snaps,
          layout_vaults_big_room, uniq_nikola
Vaults:4: hangedman_vaults_maws, v_rooms_6, vaults_room_grunt_arrival_ludios,
          nicolae_vaults_closet_pinwheel_3, nicolae_vaults_frosty_reception,
          nicolae_vaults_holding_cells, nicolae_vaults_tetromino_Z_1,
          layout_vaults_quadrants, uniq_xtahua
Depths:1: layout_cross, enter_ziggurat_b, grunt_metal_band,
          rand_demon_pan_entry_5, serial_bayou_shore_b, hex_tiny,
          nrook_loot_triangle, lightli_fourway_metalbox
Depths:2: minmay_the_grid_4x2 [minmay_the_grid_paths, minmay_the_grid_fan,
          minmay_the_grid_zigzag_pyramid, minmay_the_grid_rooms,
          minmay_the_grid_minigrid_large, minmay_the_grid_eight,
          minmay_the_grid_large_cup, minmay_the_grid_prize_diamond_cup],
          layout_cave_pools, abyss_entry_flame_altar, serial_column_ruins,
          column_ruins_columns_corner, column_ruins_open_small,
          column_ruins_grid_1, pan_entry, grunt_hell_entry_dis_grunt,
          elyvilon_altar_5, vehumet_crystals,
          infiniplex_staircase_split_hallway, uniq_enchantress
Depths:3: nicolae_moon_pools, layout_honeycomb, hell_entry,
          kiku_gazebo_pond_becter, nicolae_abyss_entry_one_way_or_another,
          serial_shops, bzr_firewalk
Depths:4: evilmike_zot_entry_hall, layout_cave_shapes, pf_hell_entry_great_geh,
          minmay_misc_feat_cross, grunt_pan_entry_in_and_out, abyss_entry,
          minmay_misc_feat_pillars, not_door_vault_due

Skill      XL: |  1  2  3  4  5  6  7  8  9 10 11 12 13 14 15 16 17 18 19 20 21 22 23 |
---------------+----------------------------------------------------------------------+-----
Ranged Weapons | 5 6 7 9 10 12 14 16 18 21 | 21.1
Fighting       | 3 4 5 6 7 9 10 12 14 16 18 20 21 23 24 | 24.0
Armour         | 2 3 5 7 8 12 14 16 18 19 21 22 23 | 23.0
Invocations    | 2 4 6 8 9 10 12 14 16 17 18 19 20 | 20.1
Dodging        | 5 6 9 11 12 14 16 17 18 | 18.0
Evocations     | 4 5 7 9 12 13 | 13.1
Throwing       | 6 |  6.0
Stealth        | |  0.7

Action                     |  1- 3 |  4- 6 |  7- 9 | 10-12 | 13-15 | 16-18 | 19-21 | 22-24 || total
---------------------------+-------+-------+-------+-------+-------+-------+-------+-------++-------
  Melee: Unarmed           |       |       |     2 |       |       |       |       |       ||     2
         Headbutt          |       |       |       |     1 |       |     2 |    17 |    19 ||    39
         Scimitar          |       |       |       |     1 |       |       |       |       ||     1
         War axe           |       |       |       |       |     1 |     1 |       |       ||     2
         Demon trident     |       |       |       |       |       |     4 |    11 |       ||    15
         Long sword        |       |       |       |       |       |       |    54 |       ||    54
         Quick blade       |       |       |       |       |       |       |       |    32 ||    32
         Punch             |       |       |       |       |       |       |       |     1 ||     1
   Fire: Shortbow          |    92 |    81 |       |       |       |       |       |       ||   173
         Longbow           |       |    44 |   253 |   561 |  1133 |  1612 |  1698 |  1087 ||  6388
         Sling             |       |       |       |       |       |       |     6 |       ||     6
         Arbalest          |       |       |       |       |       |       |       |    10 ||    10
 Invoke: Ancestor Life: Kn |       |       |     1 |       |       |       |       |       ||     1
         Ancestor Identity |       |       |     1 |       |       |       |       |       ||     1
         Recall Ancestor   |       |       |       |     1 |       |     1 |     1 |       ||     3
         Idealise          |       |       |       |       |     2 |    12 |     3 |     9 ||    26
  Evoke: Wand              |       |       |     7 |     4 |     3 |    11 |     3 |     7 ||    35
         Box of beasts     |       |       |       |       |       |     1 |     1 |     2 ||     4
    Use: Scroll            |     1 |    10 |     7 |    11 |    10 |     8 |     8 |    12 ||    67
         Potion            |       |       |     6 |     3 |     4 |       |     5 |     4 ||    22
 Armour: Ring mail         |    12 |    23 |    47 |    18 |       |       |       |       ||   100
         Steam dragon scal |       |       |       |    28 |    63 |       |       |       ||    91
         Pearl dragon scal |       |       |       |       |    84 |   489 |   420 |   189 ||  1182
  Dodge: Dodged            |    15 |    33 |    77 |    81 |   211 |   673 |   666 |   453 ||  2209
